cohdb
Replays
Latest Replays
All Replays
Popular Replays
Top Player Replays
Match Explorer
How It Works
Community
CoH3 Stats
Reddit
Sign in to upload your games and track your stats! →
Sign in with Steam
Match 44817403
Unlisted
Match 44817403
Overview
Messages
Build Orders
End
Scout Squad
Construct Barracks
Riflemen Squad
Selects Heavy Weapons
Riflemen Squad
M1 Mortar Team
Grenade Package
Mechanized Support Center
Riflemen Squad
M1918 Browning Automatic Rifles
Construct Weapon Support Center
Bazooka Squad
M3 Armored Personnel Carrier
Construct Medical Station
Selects Assault Carriers
Selects Exchangeable Parts
M3 Assault Carrier
M3 Assault Carrier
Designate Forward Repair Station
Construct Tank Depot
M1919 Machine Gun Team
Riflemen Squad
Engineer Squad
usbc
Serial Chiller
rata tosca
刹那芳华
Yarito <3
TheBl4ckSwaN
X-MEN
Morox
0
0
Comments
sign in to comment!
No comments posted yet!